 Dungeon Crawl Stone Soup version 0.29.1-2-gbd0b4ee654 (webtiles) character file.

Game seed: 2485457774831942647

4286 kingsuperguy the Basher (level 10, -2/90 HPs)
             Began as a Minotaur Berserker on Nov 18, 2022.
             Was an Elder of Trog.
             Slain by an unseen horror (4 damage)
             ... on level 7 of the Dungeon.
             The game lasted 00:14:02 (8418 turns).

kingsuperguy the Basher (Minotaur Berserker)        Turns: 8418, Time: 00:14:02

Health: -2/90      AC: 14    Str: 26    XL:     10   Next: 10%
Magic:  9/9        EV: 10    Int:  4    God:    Trog [****..]
Gold:   226        SH:  0    Dex: 10    Spells: 9/9 levels left

rFire   . . .      SeeInvis .   a - +0 mace
rCold   . . .      Faith    .   (no shield)
rNeg    . . .      Spirit   .   i - +0 chain mail {Will+}
rPois   .          Reflect  .   (helmet restricted)
rElec   .          Harm     .   (no cloak)
rCorr   +          Rampage  .   (no gloves)
Will    +....                   e - +1 pair of boots
Stlth   ..........              (no amulet)
HPRegen 0.25/turn               g - ring of resist corrosion
MPRegen 0.11/turn               (no ring)

@: about to teleport
A: horns 2, retaliatory headbutt, talons 1
a: Renounce Religion, Berserk, Trog's Hand, Brothers in Arms


You were on level 7 of the Dungeon.
You worshipped Trog.
Trog was greatly pleased with you.
You visited 1 branch of the dungeon, and saw 7 of its levels.

You collected 325 gold pieces.
You spent 99 gold pieces at shops.

Inventory:

Hand Weapons
 a - a +0 mace (weapon)
 v - a +1 hand axe of venom
 D - a +3 great sword of freezing
 H - a +0 whip of draining
Armour
 b - a +0 animal skin
 e - a +1 pair of boots (worn)
 f - a +0 ring mail
 i - a +0 chain mail of willpower (worn)
 I - a +3 leather armour
Jewellery
 g - a ring of resist corrosion (left hand)
Scrolls
 h - a scroll of enchant weapon
 j - a scroll of teleportation
 m - a scroll of acquirement {unknown}
 o - a scroll of silence
 q - 2 scrolls of fear {unknown}
 u - 2 scrolls of immolation
 x - 3 scrolls of brand weapon
 y - a scroll of fog {unknown}
 B - a scroll of summoning {unknown}
 C - a scroll of torment {unknown}
 E - a scroll of blinking {unknown}
 G - 2 scrolls of magic mapping
Potions
 d - 2 potions of lignification
 k - 2 potions of mutation
 p - a potion of haste
 r - a potion of attraction
 s - 2 potions of brilliance
 z - 2 potions of might
 A - a potion of magic


   Skills:
 + Level 8.8 Fighting
 + Level 11.7 Maces & Flails
 + Level 9.8 Armour
 + Level 4.9 Dodging
 + Level 1.7 Stealth


You had 9 spell levels left.
You didn't know any spells.
Your spell library was empty.

Dungeon Overview and Level Annotations

Branches:
Dungeon (7/15)             Temple (0/1) D:7

Altars:
Gozag
Kikubaaqudgha
Okawaru
Trog
The Shining One

Shops:
D:1 [   D:4 ?


Innate Abilities, Weirdness & Mutations

You have a pair of horns on your head.
You reflexively headbutt those who attack you in melee.
You have sharp toenails.


Message History

You cannot move.
Something hits you but does no damage. x2
You are too injured to fight recklessly!
You cannot move.
You cannot move.
There is a strange disturbance nearby!
There is a strange disturbance nearby!
You cannot move.
You cannot move.
You cannot move.
You cannot move.
You cannot move.
You cannot move.
You cannot move.
You cannot move.
You cannot move.
You cannot move.
Nothing quivered!
There is a strange disturbance nearby!
Unknown command.
Really quaff the potion of lignification?
You are stuck in your current form!
Your magical effects are unravelling.
You feel magically purged.
You feel less wooden.
Your +1 pair of boots unmelds from your body.
Your +0 chain mail of willpower unmelds from your body.
You feel strong-willed.
Your hearing returns.
Something hits you but does no damage.
As you read the scroll of teleportation, it crumbles to dust.
You feel strangely unstable. Something hits you.
* * * LOW HITPOINT WARNING * * *
Something hits you.
* * * LOW HITPOINT WARNING * * *
You see here a +0 flail.
Okay, then.
Okay, then.
Something hits you.
You die...

#.....(..))#..##.'#F#S
#......###.#...###.).#
#......###.).......8J{
#......#.#.....###..h#
#......#.##...##os#.#'
#.....(#.##..##.l.#.#.
######(#.##..#...##.##
#.#######.#.##..#!.# ...
#.......@.#.##..####....
##############.##[..........
#..........##..)<)..##### ..
##########.##...))..# .
#####.##.......# #
#..............# #
#..............# #
#..............########
###....##.##.#.........


There were no monsters in sight!

Vanquished Creatures
  A slime creature (D:7)
  Sigmund (D:3)
  4 yaks (D:6)
  Eustachio (D:6)
  A steam dragon (D:7)
  3 water moccasins
  3 orc warriors
  4 ice beasts
  A sky beast (D:6)
  An ogre (D:5)
  2 centaurs
  5 phantoms
  2 bullfrogs (D:7)
  A scorpion (D:7)
  4 necrophages
  5 wights (D:5)
  2 howler monkeys
  A gnoll bouda (D:6)
  A jelly (D:5)
  3 orc priests
  7 hounds
  6 orc wizards
  5 adders
  A shadow imp (D:7)
  A white imp (D:5)
  2 dart slugs
  27 orcs
  9 ball pythons
  4 endoplasms (D:2)
  5 giant cockroaches
  6 goblins
  6 hobgoblins
  4 jackals
  7 quokkas
  4 bats
  2 frilled lizards (D:3)
  5 kobolds
  3 rats
150 creatures vanquished.

Vanquished Creatures (others)
  A bush (D:5)
  10 plants
11 creatures vanquished.

Grand Total: 161 creatures vanquished

Notes
Turn   | Place    | Note
-------+----------+-------------------------------------------
     0 | D:1      | kingsuperguy the Minotaur Berserker began the quest for the
                  | Orb.
     0 | D:1      | Reached XP level 1. HP: 19/19 MP: 0/0
   192 | D:1      | Found Hiujao's Antique Armour Emporium.
   262 | D:1      | Reached skill level 4 in Maces & Flails
   262 | D:1      | Reached XP level 2. HP: 27/27 MP: 1/1
   917 | D:2      | Reached XP level 3. HP: 23/33 MP: 2/2
  1039 | D:2      | Reached ** piety under Trog
  1268 | D:2      | You fall into a shaft and drop 2 floors!
  1892 | D:3      | Found an ancient bone altar of Kikubaaqudgha.
  1892 | D:3      | Noticed Sigmund
  1906 | D:3      | Killed Sigmund
  1907 | D:3      | Reached skill level 5 in Fighting
  1907 | D:3      | Reached skill level 5 in Maces & Flails
  1907 | D:3      | Reached XP level 4. HP: 29/42 MP: 3/3
  1907 | D:3      | Reached XP level 5. HP: 34/48 MP: 4/4
  2047 | D:3      | Found an opulent altar of Gozag.
  2164 | D:3      | Found a faded altar of an unknown god.
  2592 | D:4      | Reached skill level 6 in Maces & Flails
  2592 | D:4      | Reached XP level 6. HP: 44/56 MP: 5/5
  2599 | D:4      | Reached *** piety under Trog
  2799 | D:4      | Found Xory's Magic Scroll Boutique.
  2804 | D:4      | Bought 3 scrolls of identify for 66 gold pieces
  2804 | D:4      | Bought a scroll of teleportation for 33 gold pieces
  3270 | D:5      | Entered Level 5 of the Dungeon
  3730 | D:5      | Reached skill level 7 in Maces & Flails
  3730 | D:5      | Reached XP level 7. HP: 34/62 MP: 6/6
  3885 | D:5      | Reached skill level 5 in Armour
  3895 | D:5      | Reached skill level 1 in Stealth
  4117 | D:5      | Reached skill level 8 in Maces & Flails
  4288 | D:5      | Reached XP level 8. HP: 58/70 MP: 7/7
  4853 | D:5      | Reached skill level 9 in Maces & Flails
  5315 | D:6      | Found an iron altar of Okawaru.
  5399 | D:6      | Reached XP level 9. HP: 79/79 MP: 8/8
  5407 | D:6      | Reached skill level 10 in Maces & Flails
  6014 | D:6      | Noticed Eustachio
  6028 | D:6      | Killed Eustachio
  6029 | D:6      | Reached skill level 11 in Maces & Flails
  6256 | D:6      | Found a bloodstained altar of Trog.
  6362 | D:6      | Reached **** piety under Trog
  7343 | D:7      | Found a staircase to the Ecumenical Temple.
  7637 | D:7      | Found a glowing golden altar of the Shining One.
  7936 | D:7      | Reached XP level 10. HP: 23/90 MP: 9/9
  8413 | D:7      | Gained mutation: You have sharp toenails. [potion of
                  | mutation]
  8417 | D:7      | HP: 2/90 [something (3)]
  8418 | D:7      | Slain by an unseen horror

Illustrated notes

Levels and vault maps discovered:
D:1:      heliophobic_arrival_henge, layout_loops_ring, serial_shops,
          nicolae_shop_crystal, due_unseen_surprise
D:2:      layout_basic
D:3:      layout_rooms, old_standard_altar, nicolae_gozag_seed_capital,
          chequers_ecumenical_altar_lobes, minmay_surrounded, uniq_sigmund
D:4:      layout_gridville, serial_shops, shop, serial_bayou_lagoon_b
D:5:      layout_rooms, serial_bayou_ford_a, grunt_ministairs_12,
          kb_lookout_dungeons_type
D:6:      layout_basic, lemuel_coloured_pillars_altar,
          kennysheep_okawaru_gauntlet, chequers_serial_rivers_marsh,
          kennysheep_small_square, uniq_eustachio
D:7:      cheibrodos_barr_body, layout_basic, lemuel_round_altar, led_sif_book,
          minmay_temple_entry_statues

Skill      XL: |  1  2  3  4  5  6  7  8  9 |
---------------+----------------------------+-----
Maces & Flails | 4 5 6 7 8 9 11 | 11.7
Fighting       | 4 5 6 7 8 |  8.8
Armour         | 3 4 5 7 9 |  9.8
Dodging        | 3 4 |  4.9
Stealth        | 1 |  1.7

Action                   |  1- 3 |  4- 6 |  7- 9 | 10-12 || total
-------------------------+-------+-------+-------+-------++-------
Melee: Mace              |    63 |   114 |   299 |    31 ||   507
       Headbutt          |     6 |    20 |    64 |     7 ||    97
       Punch             |       |     1 |     3 |     3 ||     7
Throw: Dart              |       |       |       |     4 ||     4
Invok: Berserk           |     1 |     1 |     3 |       ||     5
       Trog's Hand       |       |       |       |     1 ||     1
  Use: Scroll            |       |     8 |     8 |     4 ||    20
       Potion            |       |       |       |     7 ||     7
Armor: Animal skin       |     4 |       |       |       ||     4
       Ring mail         |     6 |       |       |       ||     6
       Chain mail        |     8 |    69 |   186 |    35 ||   298
       Skin              |       |       |       |    23 ||    23
Dodge: Dodged            |    37 |    55 |   158 |    20 ||   270
